[ AOE2 MATCH · #483143873 ]
UnrankedItalians vs Teutons
[ REPLAY ANALYSIS · EXTRACTED FROM THE RECORDED GAME ]
Feudal
8:08
Castle
21:13
Imperial
—
| APM avg | 52.2 |
| APM peak | 105 |
| eAPM avg | 22.5 |
| Villagers / military | 57 / 80 |
Focus
⚔️ 46.3% · 🌾 53.7%
Archer ×80
Feudal
11:21
Castle
14:51
Imperial
—
| APM avg | 25.1 |
| APM peak | 78 |
| eAPM avg | 16.2 |
| Villagers / military | 77 / 1 |
Focus
⚔️ 33.4% · 🌾 66.6%
Trade Cart ×3 · Mangonel ×1
Feudal
11:47
Castle
15:25
Imperial
—
| APM avg | 43.1 |
| APM peak | 100 |
| eAPM avg | 16.4 |
| Villagers / military | 74 / 22 |
Focus
⚔️ 21.0% · 🌾 79.0%
Scout Cavalry ×13 · Monk ×4 · Mangonel ×3 · Spearman ×2
Feudal
9:22
Castle
17:56
Imperial
—
| APM avg | 42.5 |
| APM peak | 89 |
| eAPM avg | 19.7 |
| Villagers / military | 98 / 57 |
Focus
⚔️ 21.7% · 🌾 78.3%
Camel Scout ×39 · Armored Elephant ×18
Feudal
10:56
Castle
15:16
Imperial
—
| APM avg | 25.8 |
| APM peak | 55 |
| eAPM avg | 17.8 |
| Villagers / military | 129 / 39 |
Focus
⚔️ 25.6% · 🌾 74.4%
Elephant Archer ×28 · Ratha (Ranged) ×10 · Monk ×1
Feudal
10:11
Castle
31:45
Imperial
—
| APM avg | 51.9 |
| APM peak | 89 |
| eAPM avg | 22.2 |
| Villagers / military | 64 / 135 |
Focus
⚔️ 39.9% · 🌾 60.1%
Scout Cavalry ×135
Feudal
10:57
Castle
14:31
Imperial
31:56
| APM avg | 31.8 |
| APM peak | 73 |
| eAPM avg | 20.8 |
| Villagers / military | 167 / 30 |
Focus
⚔️ 17.9% · 🌾 82.1%
Camel Scout ×20 · Mangonel ×4 · Trebuchet (Packed) ×4 · Ghulam ×2
Feudal
11:22
Castle
16:09
Imperial
30:40
| APM avg | 55.1 |
| APM peak | 86 |
| eAPM avg | 29.4 |
| Villagers / military | 116 / 31 |
Focus
⚔️ 47.0% · 🌾 53.0%
Rattan Archer ×25 · Petard ×3 · Trebuchet (Packed) ×3
Match map
Initial resources + every placement click. Lines = walls · curves = elevation contours. ◆ gold · ⬟ stone · ● berries · ✦ relic · ◌ wall gap
Your base· ✓ Closed at 21:13 · 1t walls · 4 gate(s)
Emu Warrior's base· ✓ Closed at 14:51 · 0t walls · 3 gate(s)
djOwns's base· ✓ Closed at 15:25 · 0t walls · 2 gate(s)
AM | FAKE CHUCHIN's base· ✓ Closed at 17:56 · 0t walls · 2 gate(s)
Vaurion's base· ✓ Closed at 15:16 · 0t walls · 2 gate(s)
Chichadios's base· ✓ Closed at 31:45 · 6t walls · 3 gate(s)
Mastyjames's base· ✓ Closed at 14:31 · 0t walls · 3 gate(s)
profdiniz's base· ✓ Closed at 16:09 · 16t walls · 2 gate(s)
Smoothed initial terrain · ◌ = detected wall gap · hover for details
Inputs per minute
— AM | Aparato de Golgi - - Emu Warrior
Build order — AM | Aparato de Golgi
First 150 of 226 actions detected
| 0:01 | Create | Villager (Male) ×4 |
| 0:03 | Build | House |
| 0:26 | Build | House |
| 0:28 | Build | House |
| 1:22 | Create | Villager (Male) |
| 1:55 | Create | Villager (Male) |
| 2:16 | Create | Villager (Male) |
| 2:56 | Create | Villager (Male) |
| 3:13 | Create | Villager (Male) |
| 3:38 | Create | Villager (Male) |
| 3:49 | Build | Lumber Camp |
| 4:09 | Create | Villager (Male) |
| 4:36 | Create | Villager (Male) |
| 4:58 | Create | Villager (Male) |
| 5:25 | Create | Villager (Male) |
| 5:35 | Create | Villager (Male) |
| 5:38 | Build | Mining Camp |
| 5:58 | Research | Feudal Age |
| 5:58 | Research | Feudal Age |
| 7:20 | Build | House |
| 7:28 | Build | Barracks |
| 7:32 | Build | Barracks |
| 7:33 | Build | House |
| 7:45 | Create | Villager (Male) |
| 7:46 | Create | Villager (Male) |
| 7:47 | Create | Villager (Male) |
| 8:08 | Age | Feudal Age |
| 8:10 | Research | Double-Bit Axe |
| 8:15 | Build | House |
| 8:41 | Build | Archery Range |
| 8:59 | Create | Villager (Male) |
| 9:43 | Build | Archery Range |
| 9:45 | Create | Archer |
| 9:45 | Create | Archer |
| 9:46 | Create | Villager (Male) |
| 10:04 | Create | Villager (Male) |
| 10:24 | Build | Mill |
| 10:38 | Create | Archer |
| 10:38 | Create | Villager (Male) |
| 11:02 | Create | Villager (Male) |
| 11:03 | Create | Archer |
| 11:08 | Build | House |
| 11:09 | Build | House |
| 11:20 | Create | Archer |
| 11:20 | Create | Archer |
| 11:21 | Create | Villager (Male) |
| 11:36 | Create | Archer |
| 11:56 | Create | Villager (Male) |
| 11:57 | Create | Archer |
| 12:18 | Create | Archer |
| 12:18 | Create | Archer |
| 12:19 | Create | Villager (Male) |
| 12:42 | Create | Villager (Male) |
| 12:49 | Build | Farm |
| 12:50 | Build | Farm |
| 12:54 | Build | House |
| 12:55 | Build | House |
| 12:56 | Build | House |
| 13:02 | Create | Archer |
| 13:02 | Create | Archer |
| 13:03 | Create | Villager (Male) |
| 13:43 | Build | Blacksmith |
| 13:47 | Build | Farm |
| 13:49 | Create | Villager (Male) |
| 13:58 | Create | Archer |
| 13:58 | Create | Archer |
| 13:59 | Create | Villager (Male) |
| 14:07 | Build | Farm |
| 14:25 | Create | Archer |
| 14:25 | Create | Archer |
| 14:26 | Create | Villager (Male) |
| 14:39 | Research | Fletching |
| 14:42 | Build | House |
| 14:42 | Build | House |
| 14:44 | Build | Farm |
| 14:58 | Create | Villager (Male) |
| 15:02 | Build | Farm |
| 15:13 | Build | Farm |
| 15:34 | Create | Archer |
| 15:35 | Create | Archer |
| 15:35 | Create | Villager (Male) |
| 15:42 | Build | House |
| 15:42 | Build | House |
| 15:49 | Build | Farm |
| 15:53 | Create | Villager (Male) |
| 16:01 | Create | Archer |
| 16:01 | Create | Archer |
| 16:14 | Build | House |
| 16:15 | Build | House |
| 16:21 | Create | Archer |
| 16:21 | Create | Archer |
| 16:21 | Create | Villager (Male) |
| 16:33 | Build | Farm |
| 16:52 | Create | Villager (Male) |
| 17:30 | Create | Archer |
| 17:30 | Create | Archer |
| 17:30 | Create | Villager (Male) |
| 17:33 | Build | Farm |
| 17:37 | Build | House |
| 17:38 | Build | House |
| 17:42 | Build | Farm |
| 17:49 | Build | Gate |
| 17:51 | Build | Stone Wall |
| 17:54 | Create | Archer |
| 17:54 | Create | Archer |
| 17:56 | Create | Villager (Male) |
| 18:21 | Build | Farm |
| 18:33 | Research | Castle Age |
| 18:34 | Create | Archer |
| 18:34 | Create | Archer |
| 18:55 | Create | Archer |
| 18:55 | Create | Archer |
| 19:06 | Research | Horse Collar |
| 19:11 | Research | Padded Archer Armor |
| 19:14 | Build | Lumber Camp |
| 19:23 | Create | Archer |
| 19:23 | Create | Archer |
| 19:31 | Build | House |
| 20:14 | Create | Archer |
| 20:14 | Create | Archer |
| 20:24 | Create | Archer |
| 20:24 | Create | Archer |
| 20:26 | Create | Villager (Male) |
| 20:28 | Create | Villager (Male) |
| 21:13 | Age | Castle Age |
| 21:28 | Research | Bodkin Arrow |
| 21:29 | Research | Crossbowman (upgrade) |
| 22:05 | Build | University |
| 22:07 | Create | Villager (Male) |
| 22:34 | Research | Ballistics |
| 22:38 | Research | Thumb Ring |
| 22:39 | Create | Archer |
| 22:40 | Create | Archer |
| 22:42 | Build | Farm |
| 23:26 | Create | Archer |
| 23:26 | Create | Archer |
| 23:26 | Create | Villager (Male) |
| 23:30 | Research | Wheelbarrow |
| 23:31 | Research | Loom |
| 24:07 | Research | Leather Archer Armor |
| 24:08 | Create | Archer |
| 24:08 | Create | Archer |
| 24:12 | Create | Villager (Male) |
| 24:39 | Create | Archer |
| 24:39 | Create | Archer |
| 24:39 | Create | Villager (Male) |
| 24:41 | Create | Archer |
| 24:41 | Create | Archer |
| 25:06 | Research | Heavy Plow |
| 25:21 | Create | Archer |
Build order — Emu Warrior
First 150 of 156 actions detected
| 0:00 | Create | Villager (Male) |
| 0:00 | Create | Villager (Male) |
| 0:01 | Create | Villager (Male) |
| 0:01 | Create | Villager (Male) |
| 0:03 | Build | House |
| 0:05 | Build | House |
| 1:37 | Create | Villager (Male) |
| 1:44 | Build | Lumber Camp |
| 2:01 | Create | Villager (Male) |
| 2:30 | Create | Villager (Male) |
| 2:56 | Create | Villager (Male) |
| 3:06 | Build | House |
| 3:11 | Create | Villager (Male) |
| 3:37 | Create | Villager (Male) |
| 3:59 | Build | House |
| 4:06 | Create | Villager (Male) |
| 4:20 | Build | Mill |
| 4:27 | Create | Villager (Male) |
| 4:42 | Create | Villager (Male) |
| 5:01 | Create | Villager (Male) |
| 5:44 | Create | Villager (Male) |
| 5:44 | Create | Villager (Male) |
| 5:55 | Build | Mill |
| 6:06 | Build | Farm |
| 6:29 | Build | Farm |
| 6:32 | Create | Villager (Male) |
| 7:01 | Create | Villager (Male) |
| 7:01 | Create | Villager (Male) |
| 7:01 | Create | Villager (Male) |
| 7:08 | Build | Farm |
| 7:11 | Create | Villager (Male) |
| 7:20 | Create | Villager (Male) |
| 7:35 | Build | House |
| 8:25 | Build | Mining Camp |
| 8:44 | Build | Farm |
| 9:03 | Research | Feudal Age |
| 9:08 | Create | Villager (Male) |
| 9:09 | Create | Villager (Male) |
| 9:42 | Build | House |
| 9:49 | Build | Farm |
| 11:21 | Age | Feudal Age |
| 11:22 | Build | Market |
| 11:23 | Build | Blacksmith |
| 12:09 | Research | Castle Age |
| 12:16 | Research | Double-Bit Axe |
| 12:42 | Research | Horse Collar |
| 12:55 | Build | Farm |
| 12:55 | Build | Farm |
| 13:09 | Create | Villager (Male) |
| 13:17 | Create | Villager (Male) |
| 14:51 | Age | Castle Age |
| 14:54 | Build | Town Center |
| 15:04 | Research | Heavy Plow |
| 15:07 | Research | Bow Saw |
| 15:15 | Build | Town Center |
| 15:19 | Create | Villager (Male) |
| 15:31 | Build | House |
| 15:42 | Build | Farm |
| 15:56 | Create | Villager (Male) |
| 16:08 | Create | Villager (Male) |
| 16:12 | Create | Villager (Male) |
| 16:12 | Create | Villager (Male) |
| 16:27 | Build | Farm |
| 16:29 | Build | Farm |
| 16:33 | Build | Farm |
| 16:34 | Build | Farm |
| 16:35 | Create | Villager (Male) |
| 16:35 | Create | Villager (Male) |
| 16:36 | Create | Villager (Male) |
| 16:43 | Create | Villager (Male) |
| 16:47 | Build | Farm |
| 16:50 | Create | Villager (Male) |
| 17:01 | Build | Farm |
| 17:05 | Create | Villager (Male) |
| 17:07 | Build | Farm |
| 17:16 | Build | Farm |
| 17:19 | Build | Farm |
| 17:20 | Create | Villager (Male) |
| 17:47 | Build | Town Center |
| 17:49 | Create | Villager (Male) |
| 17:50 | Create | Villager (Male) |
| 17:50 | Create | Villager (Male) |
| 17:58 | Build | House |
| 18:01 | Create | Villager (Male) |
| 18:03 | Build | Farm |
| 18:04 | Create | Villager (Male) |
| 18:09 | Build | Farm |
| 18:10 | Build | Farm |
| 18:10 | Create | Villager (Male) |
| 18:19 | Build | Outpost |
| 18:23 | Research | Town Watch |
| 18:24 | Research | Loom |
| 18:31 | Build | Farm |
| 18:34 | Build | Farm |
| 18:39 | Create | Villager (Male) |
| 18:41 | Build | Farm |
| 18:56 | Create | Villager (Male) |
| 18:56 | Create | Villager (Male) |
| 18:56 | Create | Villager (Male) |
| 19:00 | Build | House |
| 19:01 | Build | House |
| 19:02 | Build | House |
| 19:07 | Create | Villager (Male) |
| 19:10 | Build | Farm |
| 19:18 | Build | House |
| 19:20 | Create | Villager (Male) |
| 19:26 | Build | Farm |
| 19:27 | Create | Villager (Male) |
| 19:28 | Create | Villager (Male) |
| 19:42 | Create | Villager (Male) |
| 19:42 | Create | Villager (Male) |
| 19:43 | Create | Villager (Male) |
| 19:56 | Create | Villager (Male) |
| 19:56 | Create | Villager (Male) |
| 20:03 | Create | Villager (Male) |
| 20:08 | Build | Siege Workshop |
| 20:15 | Build | Stone Wall |
| 20:16 | Create | Villager (Male) |
| 20:19 | Build | Stone Wall |
| 20:21 | Build | Stone Wall |
| 20:22 | Create | Villager (Male) |
| 20:22 | Create | Villager (Male) |
| 20:23 | Build | Stone Wall |
| 20:26 | Build | Stone Wall |
| 20:31 | Build | House |
| 20:32 | Build | House |
| 20:35 | Build | Stone Wall |
| 20:41 | Create | Mangonel |
| 20:44 | Create | Villager (Male) |
| 20:45 | Create | Villager (Male) |
| 20:45 | Create | Villager (Male) |
| 21:06 | Build | Stone Wall |
| 21:09 | Create | Villager (Male) |
| 21:09 | Create | Villager (Male) |
| 21:09 | Create | Villager (Male) |
| 21:10 | Create | Villager (Male) |
| 21:14 | Build | Stone Wall |
| 21:19 | Create | Villager (Male) |
| 21:36 | Build | Stone Wall |
| 21:43 | Create | Villager (Male) |
| 21:43 | Create | Villager (Male) |
| 23:54 | Build | Town Center |
| 24:12 | Build | Town Center |
| 26:31 | Build | Stone Wall |
| 26:32 | Build | Stone Wall |
| 26:46 | Create | Villager (Male) |
| 26:46 | Create | Villager (Male) |
| 26:46 | Create | Villager (Male) |
| 26:46 | Create | Villager (Male) |
| 26:47 | Create | Villager (Male) |
Build order — djOwns
First 150 of 176 actions detected
| 0:00 | Create | Villager (Male) |
| 0:00 | Create | Villager (Male) |
| 0:00 | Create | Villager (Male) |
| 0:00 | Create | Villager (Male) |
| 0:01 | Build | House |
| 0:02 | Build | House |
| 1:22 | Create | Villager (Male) |
| 1:57 | Create | Villager (Male) |
| 2:20 | Create | Villager (Male) |
| 2:46 | Create | Villager (Male) |
| 3:13 | Build | Lumber Camp |
| 3:22 | Create | Villager (Male) |
| 3:27 | Create | Villager (Male) |
| 3:52 | Create | Villager (Male) |
| 3:53 | Create | Villager (Male) |
| 3:53 | Create | Villager (Male) |
| 4:13 | Build | House |
| 4:48 | Create | Villager (Male) |
| 5:16 | Create | Villager (Male) |
| 5:20 | Research | Double-Bit Axe |
| 5:26 | Create | Villager (Male) |
| 5:32 | Build | House |
| 5:48 | Create | Villager (Male) |
| 5:57 | Create | Villager (Male) |
| 6:29 | Build | Mill |
| 6:57 | Create | Villager (Male) |
| 6:58 | Create | Villager (Male) |
| 7:32 | Create | Villager (Male) |
| 7:36 | Build | House |
| 8:09 | Create | Villager (Male) |
| 8:09 | Create | Villager (Male) |
| 8:10 | Create | Villager (Male) |
| 8:15 | Build | Farm |
| 8:15 | Build | Farm |
| 8:35 | Create | Villager (Male) |
| 8:39 | Build | Mining Camp |
| 9:06 | Build | Farm |
| 9:08 | Build | Farm |
| 9:12 | Research | Feudal Age |
| 9:59 | Build | Barracks |
| 10:49 | Build | Farm |
| 10:49 | Build | Farm |
| 10:58 | Create | Villager (Male) |
| 10:59 | Create | Villager (Male) |
| 11:05 | Build | House |
| 11:47 | Age | Feudal Age |
| 11:49 | Build | Stable |
| 12:01 | Build | Market |
| 12:45 | Research | Castle Age |
| 12:45 | Research | Castle Age |
| 12:55 | Build | Farm |
| 13:03 | Research | Horse Collar |
| 13:03 | Research | Horse Collar |
| 13:12 | Create | Scout Cavalry |
| 13:13 | Create | Scout Cavalry |
| 13:29 | Build | House |
| 13:34 | Build | Farm |
| 13:37 | Build | Farm |
| 13:42 | Create | Scout Cavalry |
| 13:42 | Create | Scout Cavalry |
| 14:05 | Build | House |
| 14:10 | Create | Villager (Male) |
| 14:22 | Create | Scout Cavalry |
| 14:49 | Create | Scout Cavalry |
| 15:25 | Age | Castle Age |
| 15:28 | Create | Villager (Male) |
| 15:30 | Build | Town Center |
| 15:35 | Create | Scout Cavalry |
| 15:40 | Build | Monastery |
| 15:51 | Research | Light Cavalry (upgrade) |
| 16:03 | Create | Villager (Male) |
| 16:11 | Create | Villager (Male) |
| 16:32 | Create | Monk |
| 16:42 | Build | Town Center |
| 16:44 | Create | Villager (Male) |
| 16:46 | Create | Scout Cavalry |
| 17:04 | Create | Villager (Male) |
| 17:09 | Build | Farm |
| 17:13 | Research | Bow Saw |
| 17:13 | Research | Bow Saw |
| 17:52 | Create | Villager (Male) |
| 17:57 | Create | Villager (Male) |
| 17:58 | Create | Villager (Male) |
| 18:00 | Build | Mining Camp |
| 18:04 | Create | Monk |
| 18:07 | Build | Farm |
| 18:17 | Build | Farm |
| 18:27 | Create | Spearman |
| 18:28 | Create | Spearman |
| 18:32 | Build | Blacksmith |
| 18:35 | Create | Villager (Male) |
| 18:41 | Build | Stone Wall |
| 18:43 | Build | Stone Wall |
| 18:52 | Create | Villager (Male) |
| 18:52 | Create | Villager (Male) |
| 19:03 | Create | Monk |
| 19:07 | Create | Villager (Male) |
| 19:15 | Build | Stone Wall |
| 19:25 | Create | Villager (Male) |
| 19:27 | Build | Farm |
| 19:31 | Create | Villager (Male) |
| 19:36 | Create | Monk |
| 19:42 | Build | Siege Workshop |
| 19:45 | Build | House |
| 19:47 | Build | House |
| 19:47 | Build | House |
| 19:48 | Build | House |
| 19:57 | Create | Villager (Male) |
| 20:14 | Build | Farm |
| 20:17 | Build | Farm |
| 20:28 | Create | Villager (Male) ×2 |
| 20:47 | Create | Villager (Male) |
| 21:01 | Create | Villager (Male) |
| 21:16 | Create | Villager (Male) |
| 21:18 | Create | Mangonel |
| 21:25 | Build | Stone Wall |
| 21:50 | Create | Villager (Male) |
| 21:50 | Create | Villager (Male) |
| 21:50 | Create | Villager (Male) |
| 21:54 | Build | Farm |
| 21:55 | Build | Farm |
| 22:10 | Build | Stone Wall |
| 22:28 | Build | Castle |
| 22:31 | Create | Villager (Male) |
| 22:31 | Create | Villager (Male) |
| 22:38 | Build | Town Center |
| 22:50 | Create | Villager (Male) |
| 23:08 | Create | Villager (Male) ×2 |
| 23:14 | Build | Mill |
| 23:14 | Build | Farm |
| 23:15 | Build | Farm |
| 23:15 | Build | Farm |
| 23:15 | Build | Farm |
| 23:15 | Build | Farm |
| 23:15 | Build | Farm |
| 23:28 | Build | Stone Wall |
| 23:33 | Create | Villager (Male) |
| 23:40 | Build | Farm |
| 23:43 | Build | Farm |
| 23:46 | Create | Villager (Male) |
| 23:54 | Create | Villager (Male) |
| 24:07 | Create | Villager (Male) |
| 24:08 | Create | Villager (Male) |
| 24:13 | Build | Farm |
| 24:13 | Build | Farm |
| 24:13 | Build | Farm |
| 24:13 | Build | Farm |
| 24:13 | Build | Farm |
| 24:17 | Create | Villager (Male) |
| 24:17 | Create | Villager (Male) |
Build order — AM | FAKE CHUCHIN
First 150 of 247 actions detected
| 0:00 | Create | Villager (Male) |
| 0:01 | Create | Villager (Male) |
| 0:01 | Create | Villager (Male) |
| 0:05 | Build | House |
| 0:09 | Create | Villager (Male) |
| 0:24 | Build | House |
| 0:27 | Build | House |
| 0:29 | Build | House |
| 0:39 | Build | Mill |
| 1:05 | Build | House |
| 1:06 | Build | House |
| 1:34 | Create | Villager (Male) |
| 2:04 | Create | Villager (Male) |
| 2:28 | Create | Villager (Male) |
| 2:28 | Create | Villager (Male) |
| 2:42 | Create | Villager (Male) |
| 2:42 | Create | Villager (Male) |
| 3:02 | Create | Villager (Male) |
| 3:32 | Create | Villager (Male) |
| 3:33 | Create | Villager (Male) |
| 3:33 | Create | Villager (Male) |
| 4:19 | Create | Villager (Male) |
| 4:20 | Create | Villager (Male) |
| 4:20 | Create | Villager (Male) |
| 4:51 | Create | Villager (Male) |
| 4:51 | Create | Villager (Male) |
| 4:59 | Build | Lumber Camp |
| 5:14 | Create | Villager (Male) |
| 7:12 | Research | Feudal Age |
| 7:32 | Build | House |
| 7:33 | Build | House |
| 7:34 | Build | House |
| 8:22 | Create | Villager (Male) |
| 8:24 | Create | Villager (Male) |
| 8:24 | Create | Villager (Male) |
| 8:24 | Create | Villager (Male) |
| 8:25 | Research | Loom |
| 8:57 | Create | Villager (Male) |
| 9:22 | Age | Feudal Age |
| 9:27 | Build | Blacksmith |
| 9:31 | Build | Market |
| 9:35 | Create | Villager (Male) |
| 9:44 | Research | Double-Bit Axe |
| 9:52 | Build | Mining Camp |
| 10:00 | Build | Mining Camp |
| 10:01 | Create | Villager (Male) |
| 10:51 | Create | Villager (Male) |
| 10:51 | Create | Villager (Male) |
| 11:12 | Research | Horse Collar |
| 11:12 | Research | Horse Collar |
| 11:40 | Build | Farm |
| 11:40 | Build | Farm |
| 11:41 | Build | Farm |
| 11:41 | Build | Farm |
| 11:43 | Build | Farm |
| 11:47 | Build | Farm |
| 11:48 | Build | Farm |
| 11:48 | Build | Farm |
| 11:48 | Build | Farm |
| 11:48 | Build | Farm |
| 12:09 | Build | Farm |
| 12:11 | Build | Farm |
| 12:11 | Build | Farm |
| 12:31 | Create | Villager (Male) |
| 12:35 | Build | Farm |
| 13:32 | Build | Farm |
| 13:32 | Build | Farm |
| 13:32 | Build | Farm |
| 13:41 | Create | Villager (Male) |
| 13:41 | Create | Villager (Male) |
| 13:43 | Create | Villager (Male) |
| 15:16 | Research | Castle Age |
| 15:51 | Create | Villager (Male) |
| 15:58 | Build | Barracks |
| 16:22 | Create | Villager (Male) |
| 17:34 | Build | Stable |
| 17:35 | Build | Stable |
| 17:35 | Build | Stable |
| 17:46 | Create | Villager (Male) |
| 17:56 | Age | Castle Age |
| 17:58 | Build | Siege Workshop |
| 18:09 | Create | Villager (Male) |
| 18:14 | Build | House |
| 18:15 | Build | House |
| 18:24 | Create | Armored Elephant |
| 18:25 | Create | Armored Elephant |
| 18:25 | Create | Armored Elephant |
| 18:25 | Create | Armored Elephant |
| 18:25 | Create | Armored Elephant |
| 18:52 | Build | Farm |
| 18:59 | Build | House |
| 18:59 | Build | House |
| 19:00 | Build | House |
| 19:00 | Build | House |
| 19:06 | Create | Armored Elephant |
| 19:06 | Create | Armored Elephant |
| 19:13 | Research | Husbandry |
| 19:19 | Research | Bloodlines |
| 19:24 | Build | House |
| 19:24 | Build | House |
| 19:24 | Build | House |
| 19:24 | Build | House |
| 19:24 | Build | House |
| 19:40 | Build | Town Center |
| 19:42 | Create | Villager (Male) |
| 19:42 | Create | Villager (Male) |
| 20:06 | Create | Camel Scout |
| 20:06 | Create | Camel Scout |
| 20:17 | Create | Villager (Male) |
| 20:46 | Create | Armored Elephant |
| 20:50 | Build | House |
| 20:50 | Build | House |
| 20:50 | Build | House |
| 20:58 | Create | Armored Elephant |
| 21:23 | Create | Armored Elephant |
| 22:20 | Create | Armored Elephant |
| 22:21 | Create | Armored Elephant |
| 22:21 | Create | Armored Elephant |
| 22:27 | Build | Stable |
| 22:42 | Create | Villager (Male) |
| 22:42 | Create | Villager (Male) |
| 22:42 | Create | Villager (Male) |
| 23:01 | Create | Villager (Male) |
| 23:01 | Create | Villager (Male) |
| 23:07 | Build | Farm |
| 23:08 | Build | Farm |
| 23:08 | Build | Farm |
| 23:08 | Build | Farm |
| 23:08 | Build | Farm |
| 23:08 | Build | Farm |
| 23:09 | Build | Farm |
| 23:09 | Build | Farm |
| 23:24 | Build | House |
| 23:24 | Build | House |
| 23:25 | Build | House |
| 23:25 | Build | House |
| 23:34 | Create | Armored Elephant |
| 23:34 | Create | Armored Elephant |
| 23:43 | Create | Camel Scout |
| 23:43 | Create | Camel Scout |
| 23:43 | Create | Camel Scout |
| 24:08 | Create | Camel Scout |
| 24:08 | Create | Camel Scout |
| 24:21 | Create | Camel Scout |
| 24:21 | Create | Camel Scout |
| 24:34 | Create | Camel Scout |
| 24:34 | Create | Camel Scout |
| 24:36 | Create | Villager (Male) |
| 24:49 | Build | Mining Camp |
| 24:51 | Create | Camel Scout |
Build order — Vaurion
First 150 of 281 actions detected
| 0:01 | Create | Villager (Male) |
| 0:01 | Create | Villager (Male) |
| 0:03 | Build | House |
| 0:04 | Build | House |
| 0:07 | Create | Villager (Male) |
| 0:11 | Create | Villager (Male) |
| 1:24 | Create | Villager (Male) |
| 1:50 | Create | Villager (Male) |
| 2:12 | Build | Lumber Camp |
| 2:26 | Create | Villager (Male) |
| 2:26 | Create | Villager (Male) |
| 2:53 | Create | Villager (Male) |
| 3:12 | Create | Villager (Male) |
| 3:16 | Create | Villager (Male) |
| 3:55 | Build | House |
| 3:56 | Build | House |
| 4:06 | Create | Villager (Male) |
| 4:07 | Create | Villager (Male) |
| 4:14 | Create | Villager (Male) |
| 4:27 | Create | Villager (Male) |
| 4:44 | Build | Mill |
| 5:26 | Create | Villager (Male) |
| 5:26 | Create | Villager (Male) |
| 5:32 | Build | Farm |
| 5:32 | Create | Villager (Male) |
| 5:54 | Create | Villager (Male) |
| 6:00 | Create | Villager (Male) |
| 6:00 | Create | Villager (Male) |
| 6:28 | Build | Farm |
| 6:29 | Create | Villager (Male) |
| 6:55 | Create | Villager (Male) |
| 6:56 | Create | Villager (Male) |
| 7:06 | Build | Farm |
| 7:06 | Create | Villager (Male) |
| 7:12 | Create | Villager (Male) |
| 7:33 | Create | Villager (Male) |
| 8:00 | Build | Mining Camp |
| 8:37 | Research | Feudal Age |
| 8:51 | Build | Mining Camp |
| 9:51 | Research | Loom |
| 9:53 | Create | Villager (Male) |
| 9:54 | Create | Villager (Male) |
| 10:52 | Build | House |
| 10:56 | Age | Feudal Age |
| 11:04 | Build | Market |
| 11:07 | Build | Blacksmith |
| 11:11 | Create | Villager (Male) |
| 11:18 | Build | Farm |
| 11:22 | Build | Farm |
| 12:32 | Research | Castle Age |
| 12:55 | Build | Farm |
| 12:57 | Build | Farm |
| 13:05 | Research | Double-Bit Axe |
| 13:44 | Research | Horse Collar |
| 13:52 | Build | House |
| 14:15 | Build | Mill |
| 14:22 | Create | Villager (Male) |
| 14:49 | Build | Farm |
| 14:49 | Create | Villager (Male) |
| 15:13 | Build | Farm |
| 15:16 | Age | Castle Age |
| 16:19 | Build | Castle |
| 16:20 | Create | Villager (Male) |
| 16:22 | Create | Villager (Male) |
| 16:34 | Build | Farm |
| 16:35 | Create | Villager (Male) |
| 16:45 | Build | Castle |
| 16:47 | Build | House |
| 16:49 | Build | House |
| 16:50 | Create | Villager (Male) |
| 16:54 | Build | Farm |
| 16:55 | Build | Farm |
| 17:12 | Create | Villager (Male) |
| 17:20 | Build | House |
| 17:32 | Research | Bow Saw |
| 17:34 | Research | Heavy Plow |
| 18:07 | Build | Mining Camp |
| 18:11 | Research | Fletching |
| 18:11 | Create | Villager (Male) |
| 18:45 | Build | Town Center |
| 18:47 | Create | Villager (Male) |
| 18:50 | Create | Villager (Male) |
| 18:54 | Research | Bodkin Arrow |
| 18:55 | Create | Ratha (Ranged) |
| 19:14 | Build | Barracks |
| 19:19 | Create | Villager (Male) |
| 19:51 | Research | Gold Mining |
| 19:54 | Research | Stone Mining |
| 19:56 | Create | Villager (Male) |
| 19:56 | Create | Villager (Male) |
| 19:57 | Create | Villager (Male) |
| 20:16 | Create | Ratha (Ranged) |
| 20:27 | Create | Villager (Male) |
| 20:28 | Create | Villager (Male) |
| 20:28 | Create | Villager (Male) |
| 20:42 | Create | Villager (Male) |
| 20:43 | Create | Villager (Male) |
| 20:55 | Build | Archery Range |
| 21:20 | Create | Villager (Male) |
| 21:21 | Create | Villager (Male) |
| 21:22 | Create | Ratha (Ranged) |
| 21:26 | Create | Villager (Male) |
| 21:37 | Build | Archery Range |
| 21:38 | Create | Elephant Archer |
| 21:40 | Create | Villager (Male) |
| 21:43 | Create | Villager (Male) |
| 22:00 | Create | Ratha (Ranged) |
| 22:03 | Create | Villager (Male) |
| 22:13 | Create | Villager (Male) |
| 22:16 | Build | Farm |
| 22:16 | Build | Farm |
| 22:16 | Build | Farm |
| 22:28 | Create | Ratha (Ranged) |
| 22:36 | Create | Villager (Male) |
| 22:45 | Build | Castle |
| 22:48 | Create | Villager (Male) |
| 22:55 | Create | Elephant Archer |
| 22:56 | Create | Elephant Archer |
| 22:58 | Create | Villager (Male) |
| 22:58 | Create | Villager (Male) |
| 22:58 | Create | Villager (Male) |
| 23:05 | Create | Villager (Male) |
| 23:28 | Create | Villager (Male) |
| 23:34 | Build | Farm |
| 23:39 | Build | Farm |
| 23:51 | Build | Castle |
| 23:55 | Create | Elephant Archer |
| 24:06 | Create | Villager (Male) |
| 24:06 | Create | Ratha (Ranged) |
| 24:23 | Build | Farm |
| 24:23 | Build | Farm |
| 24:24 | Build | Farm |
| 24:24 | Build | Farm |
| 24:25 | Build | Farm |
| 24:25 | Build | Farm |
| 24:25 | Build | Farm |
| 24:25 | Build | Farm |
| 24:25 | Build | Farm |
| 24:26 | Build | Farm |
| 24:27 | Create | Villager (Male) |
| 24:31 | Create | Villager (Male) |
| 24:32 | Create | Ratha (Ranged) |
| 24:40 | Build | Farm |
| 24:40 | Build | Farm |
| 24:41 | Build | Farm |
| 24:41 | Build | Farm |
| 24:41 | Build | Farm |
| 24:41 | Build | Farm |
| 24:47 | Create | Villager (Male) |
| 25:11 | Create | Elephant Archer |
Build order — Chichadios
First 150 of 284 actions detected
| 0:01 | Create | Villager (Male) |
| 0:02 | Create | Villager (Male) |
| 0:03 | Build | House |
| 0:04 | Build | House |
| 0:17 | Create | Villager (Male) |
| 0:17 | Create | Villager (Male) |
| 0:18 | Create | Villager (Male) |
| 1:29 | Create | Villager (Male) |
| 1:30 | Create | Villager (Male) |
| 1:48 | Build | Lumber Camp |
| 2:05 | Create | Villager (Male) |
| 2:25 | Create | Villager (Male) |
| 3:00 | Create | Villager (Male) |
| 3:18 | Create | Villager (Male) |
| 3:36 | Create | Villager (Male) |
| 3:37 | Create | Villager (Male) |
| 3:54 | Build | House |
| 3:57 | Build | House |
| 4:07 | Create | Villager (Male) |
| 4:07 | Create | Villager (Male) |
| 4:23 | Create | Villager (Male) |
| 4:23 | Create | Villager (Male) |
| 4:41 | Create | Villager (Male) |
| 4:41 | Create | Villager (Male) |
| 5:11 | Build | Mill |
| 5:35 | Create | Villager (Male) |
| 5:35 | Create | Villager (Male) |
| 5:36 | Create | Villager (Male) |
| 5:36 | Create | Villager (Male) |
| 5:50 | Create | Villager (Male) |
| 5:50 | Create | Villager (Male) |
| 6:25 | Build | Mill |
| 6:26 | Create | Villager (Male) |
| 6:26 | Create | Villager (Male) |
| 6:26 | Create | Villager (Male) |
| 6:49 | Create | Villager (Male) |
| 6:49 | Create | Villager (Male) |
| 7:01 | Create | Villager (Male) |
| 7:15 | Create | Villager (Male) |
| 7:15 | Create | Villager (Male) |
| 7:15 | Create | Villager (Male) |
| 7:56 | Research | Feudal Age |
| 8:19 | Build | Barracks |
| 9:57 | Create | Villager (Male) |
| 10:11 | Age | Feudal Age |
| 10:13 | Build | Stable |
| 10:15 | Build | Palisade Wall |
| 10:16 | Build | Palisade Wall |
| 10:18 | Build | Palisade Wall |
| 10:38 | Research | Horse Collar |
| 10:39 | Research | Double-Bit Axe |
| 10:39 | Research | Double-Bit Axe |
| 10:52 | Build | House |
| 10:57 | Build | House |
| 11:05 | Build | House |
| 11:20 | Research | Bloodlines |
| 11:25 | Create | Scout Cavalry |
| 11:32 | Create | Villager (Male) |
| 11:50 | Build | Stable |
| 11:57 | Create | Scout Cavalry |
| 11:58 | Create | Villager (Male) |
| 12:05 | Build | Palisade Wall |
| 12:06 | Build | Palisade Wall |
| 12:07 | Build | Palisade Wall |
| 12:25 | Create | Villager (Male) |
| 12:25 | Create | Villager (Male) |
| 12:30 | Build | Farm |
| 12:32 | Build | Farm |
| 12:38 | Build | House |
| 12:46 | Create | Scout Cavalry |
| 12:46 | Create | Scout Cavalry |
| 12:46 | Create | Scout Cavalry |
| 12:53 | Build | Farm |
| 12:54 | Build | Farm |
| 12:54 | Build | Farm |
| 13:01 | Create | Scout Cavalry |
| 13:01 | Create | Scout Cavalry |
| 13:04 | Build | House |
| 13:20 | Create | Scout Cavalry |
| 13:21 | Create | Scout Cavalry |
| 13:23 | Build | Farm |
| 13:30 | Create | Villager (Male) |
| 13:32 | Build | Farm |
| 13:36 | Build | Farm |
| 13:42 | Build | House |
| 14:13 | Create | Scout Cavalry |
| 14:13 | Create | Scout Cavalry |
| 14:25 | Build | House |
| 14:58 | Create | Scout Cavalry |
| 15:06 | Create | Villager (Male) |
| 15:10 | Build | Blacksmith |
| 15:17 | Create | Villager (Male) |
| 15:20 | Build | Farm |
| 15:20 | Build | Farm |
| 15:23 | Build | Farm |
| 15:25 | Build | Farm |
| 15:27 | Create | Scout Cavalry |
| 15:27 | Create | Scout Cavalry |
| 15:39 | Create | Scout Cavalry |
| 15:44 | Build | Farm |
| 16:06 | Create | Scout Cavalry |
| 16:06 | Create | Scout Cavalry |
| 16:15 | Build | Farm |
| 16:19 | Build | Farm |
| 16:22 | Create | Scout Cavalry |
| 16:22 | Create | Scout Cavalry |
| 16:36 | Build | Farm |
| 16:58 | Research | Scale Barding Armor |
| 16:58 | Research | Scale Barding Armor |
| 17:11 | Create | Scout Cavalry |
| 17:11 | Create | Scout Cavalry |
| 17:31 | Create | Scout Cavalry |
| 17:40 | Build | Farm |
| 17:41 | Build | Farm |
| 17:42 | Build | Farm |
| 17:43 | Build | Farm |
| 18:00 | Create | Scout Cavalry |
| 18:00 | Create | Scout Cavalry |
| 18:03 | Create | Scout Cavalry |
| 18:04 | Create | Scout Cavalry |
| 18:20 | Create | Villager (Male) |
| 18:21 | Create | Villager (Male) |
| 18:56 | Create | Scout Cavalry |
| 18:56 | Create | Scout Cavalry |
| 18:56 | Create | Scout Cavalry |
| 19:04 | Build | Farm |
| 19:04 | Build | Farm |
| 19:06 | Build | Farm |
| 19:09 | Create | Villager (Male) |
| 19:10 | Create | Villager (Male) |
| 19:15 | Create | Scout Cavalry |
| 19:16 | Create | Scout Cavalry |
| 19:32 | Create | Scout Cavalry |
| 19:48 | Create | Scout Cavalry |
| 19:49 | Create | Scout Cavalry |
| 19:53 | Create | Scout Cavalry |
| 19:54 | Create | Scout Cavalry |
| 20:04 | Build | House |
| 20:05 | Build | House |
| 20:07 | Build | House |
| 20:08 | Build | House |
| 20:12 | Create | Scout Cavalry |
| 20:12 | Create | Scout Cavalry |
| 20:37 | Create | Scout Cavalry |
| 21:03 | Create | Scout Cavalry |
| 21:04 | Create | Scout Cavalry |
| 21:04 | Create | Scout Cavalry |
| 21:04 | Create | Scout Cavalry |
| 21:05 | Create | Scout Cavalry |
| 21:11 | Create | Scout Cavalry |
Build order — Mastyjames
First 150 of 347 actions detected
| 0:01 | Create | Villager (Male) |
| 0:01 | Create | Villager (Male) |
| 0:02 | Build | House |
| 0:04 | Build | House |
| 0:51 | Create | Villager (Male) |
| 0:53 | Create | Villager (Male) |
| 1:17 | Create | Villager (Male) |
| 1:33 | Create | Villager (Male) |
| 1:34 | Research | Loom |
| 1:47 | Build | Lumber Camp |
| 2:03 | Create | Villager (Male) |
| 2:28 | Create | Villager (Male) |
| 3:04 | Create | Villager (Male) |
| 3:04 | Create | Villager (Male) |
| 3:47 | Create | Villager (Male) |
| 3:47 | Create | Villager (Male) |
| 3:49 | Build | House |
| 3:50 | Build | House |
| 3:51 | Build | House |
| 4:02 | Create | Villager (Male) |
| 4:19 | Build | Mill |
| 4:37 | Create | Villager (Male) |
| 4:37 | Create | Villager (Male) |
| 5:08 | Create | Villager (Male) |
| 5:38 | Create | Villager (Male) |
| 6:03 | Build | Mill |
| 6:12 | Create | Villager (Male) |
| 6:36 | Create | Villager (Male) |
| 6:47 | Create | Villager (Male) |
| 6:47 | Create | Villager (Male) |
| 6:50 | Create | Villager (Male) |
| 7:22 | Build | Farm |
| 7:25 | Build | Farm |
| 8:04 | Research | Feudal Age |
| 8:30 | Build | Mining Camp |
| 8:45 | Create | Villager (Male) |
| 8:45 | Create | Villager (Male) |
| 10:57 | Age | Feudal Age |
| 10:58 | Create | Villager (Male) |
| 10:58 | Create | Villager (Male) |
| 11:01 | Build | Market |
| 11:05 | Build | Blacksmith |
| 11:08 | Research | Double-Bit Axe |
| 11:39 | Build | House |
| 11:49 | Create | Villager (Male) |
| 11:50 | Research | Castle Age |
| 11:58 | Research | Double-Bit Axe |
| 12:04 | Build | Farm |
| 12:04 | Build | Farm |
| 12:16 | Build | Farm |
| 12:17 | Build | Farm |
| 12:36 | Research | Horse Collar |
| 14:22 | Create | Villager (Male) |
| 14:31 | Age | Castle Age |
| 14:32 | Build | Town Center |
| 14:34 | Build | Town Center |
| 14:37 | Research | Bow Saw |
| 14:38 | Create | Villager (Male) |
| 14:50 | Build | Farm |
| 14:57 | Build | Farm |
| 14:59 | Create | Villager (Male) |
| 15:02 | Build | Farm |
| 15:23 | Build | Farm |
| 15:32 | Create | Villager (Male) |
| 15:48 | Create | Villager (Male) |
| 15:52 | Create | Villager (Male) |
| 15:52 | Research | Town Watch |
| 15:54 | Create | Villager (Male) |
| 15:59 | Create | Villager (Male) |
| 15:59 | Create | Villager (Male) |
| 16:01 | Build | Farm |
| 16:09 | Build | Outpost |
| 16:14 | Create | Villager (Male) |
| 16:22 | Build | Farm |
| 16:35 | Create | Villager (Male) |
| 16:42 | Create | Villager (Male) |
| 16:58 | Build | Farm |
| 17:00 | Create | Villager (Male) |
| 17:00 | Create | Villager (Male) |
| 17:02 | Build | Farm |
| 17:05 | Create | Villager (Male) |
| 17:05 | Create | Villager (Male) |
| 17:13 | Create | Villager (Male) |
| 17:19 | Create | Villager (Male) |
| 17:26 | Build | Outpost |
| 17:32 | Create | Villager (Male) |
| 17:32 | Create | Villager (Male) |
| 17:51 | Build | Town Center |
| 18:00 | Build | House |
| 18:04 | Research | Wheelbarrow |
| 18:05 | Create | Villager (Male) |
| 18:06 | Build | House |
| 18:08 | Build | House |
| 18:16 | Build | Outpost |
| 18:17 | Build | Outpost |
| 18:20 | Create | Villager (Male) |
| 18:23 | Build | Farm |
| 18:26 | Build | Farm |
| 18:27 | Create | Villager (Male) |
| 18:34 | Build | Outpost |
| 18:39 | Create | Villager (Male) |
| 18:44 | Build | Farm |
| 18:45 | Build | Farm |
| 18:50 | Build | Farm |
| 18:55 | Build | Palisade Wall |
| 18:56 | Build | Palisade Wall |
| 19:00 | Build | Palisade Wall |
| 19:02 | Create | Villager (Male) |
| 19:02 | Create | Villager (Male) |
| 19:02 | Create | Villager (Male) |
| 19:06 | Build | Farm |
| 19:08 | Build | Farm |
| 19:17 | Create | Villager (Male) |
| 19:18 | Create | Villager (Male) |
| 19:23 | Build | Farm |
| 19:28 | Create | Villager (Male) |
| 19:29 | Research | Loom |
| 19:38 | Build | House |
| 19:40 | Create | Villager (Male) |
| 19:40 | Create | Villager (Male) |
| 19:41 | Create | Villager (Male) |
| 19:42 | Build | Farm |
| 19:44 | Build | Farm |
| 19:51 | Create | Villager (Male) |
| 19:52 | Create | Villager (Male) |
| 19:56 | Build | Outpost |
| 20:01 | Build | Farm |
| 20:02 | Build | Farm |
| 20:05 | Build | Farm |
| 20:06 | Build | Farm |
| 20:07 | Create | Villager (Male) |
| 20:07 | Create | Villager (Male) |
| 20:07 | Create | Villager (Male) |
| 20:11 | Build | House |
| 20:14 | Create | Villager (Male) |
| 20:27 | Build | Farm |
| 20:28 | Build | Farm |
| 20:28 | Create | Villager (Male) |
| 20:28 | Create | Villager (Male) |
| 20:30 | Build | Farm |
| 20:32 | Build | Farm |
| 20:37 | Research | Gold Mining |
| 20:37 | Research | Gold Mining |
| 20:39 | Build | Farm |
| 20:45 | Build | House |
| 20:48 | Create | Villager (Male) |
| 20:48 | Create | Villager (Male) |
| 20:54 | Build | House |
| 20:56 | Create | Villager (Male) |
| 20:57 | Create | Villager (Male) |
Build order — profdiniz
First 150 of 298 actions detected
| 0:02 | Create | Villager (Male) |
| 0:02 | Create | Villager (Male) |
| 0:02 | Create | Villager (Male) |
| 0:03 | Build | House |
| 0:04 | Build | House |
| 0:08 | Create | Villager (Male) |
| 0:09 | Create | Villager (Male) |
| 1:26 | Create | Villager (Male) |
| 1:27 | Create | Villager (Male) |
| 1:52 | Create | Villager (Male) |
| 1:52 | Create | Villager (Male) |
| 2:10 | Create | Villager (Male) |
| 2:10 | Create | Villager (Male) |
| 2:23 | Create | Villager (Male) |
| 2:23 | Create | Villager (Male) |
| 2:47 | Create | Villager (Male) |
| 2:47 | Create | Villager (Male) |
| 3:14 | Build | Lumber Camp |
| 3:25 | Build | House |
| 3:36 | Build | Palisade Wall |
| 3:39 | Create | Villager (Male) |
| 3:39 | Create | Villager (Male) |
| 3:40 | Create | Villager (Male) |
| 3:41 | Create | Villager (Male) |
| 4:04 | Build | Palisade Wall |
| 4:06 | Build | Palisade Wall |
| 4:06 | Build | Palisade Wall |
| 4:24 | Create | Villager (Male) |
| 4:24 | Create | Villager (Male) |
| 4:43 | Create | Villager (Male) |
| 4:43 | Create | Villager (Male) |
| 4:59 | Build | Mill |
| 5:06 | Build | Palisade Wall |
| 5:07 | Build | Palisade Wall |
| 5:08 | Create | Villager (Male) |
| 5:19 | Build | Palisade Wall |
| 5:38 | Create | Villager (Male) |
| 6:00 | Build | House |
| 6:01 | Build | House |
| 6:03 | Create | Villager (Male) |
| 6:03 | Create | Villager (Male) |
| 6:15 | Create | Villager (Male) |
| 6:15 | Create | Villager (Male) |
| 6:15 | Create | Villager (Male) |
| 6:23 | Create | Villager (Male) |
| 7:04 | Create | Villager (Male) |
| 8:00 | Create | Villager (Male) |
| 8:24 | Create | Villager (Male) |
| 8:31 | Build | Mining Camp |
| 8:33 | Build | Mining Camp |
| 8:38 | Build | Mining Camp |
| 9:09 | Research | Feudal Age |
| 9:42 | Build | House |
| 10:12 | Build | Farm |
| 10:13 | Build | Farm |
| 10:15 | Build | Farm |
| 10:17 | Build | Farm |
| 10:27 | Create | Villager (Male) |
| 11:22 | Age | Feudal Age |
| 11:26 | Build | Market |
| 11:27 | Create | Villager (Male) |
| 12:03 | Create | Villager (Male) |
| 12:15 | Create | Villager (Male) |
| 12:42 | Build | Blacksmith |
| 13:03 | Create | Villager (Male) |
| 13:29 | Research | Castle Age |
| 13:30 | Research | Castle Age |
| 13:37 | Build | House |
| 14:40 | Research | Double-Bit Axe |
| 14:46 | Research | Loom |
| 15:34 | Create | Villager (Male) |
| 15:42 | Build | Farm |
| 16:09 | Age | Castle Age |
| 16:11 | Build | Town Center |
| 16:19 | Create | Villager (Male) |
| 16:37 | Build | Castle |
| 16:50 | Research | Bow Saw |
| 16:50 | Research | Bow Saw |
| 17:00 | Build | Stone Wall |
| 17:05 | Build | Gate |
| 17:07 | Build | Stone Wall |
| 17:20 | Build | Farm |
| 17:34 | Create | Villager (Male) |
| 17:39 | Build | Farm |
| 17:39 | Build | Farm |
| 17:39 | Build | Farm |
| 17:39 | Build | Farm |
| 17:40 | Build | Farm |
| 17:40 | Build | Farm |
| 17:40 | Build | Farm |
| 17:46 | Build | Farm |
| 18:02 | Create | Villager (Male) |
| 18:08 | Create | Villager (Male) |
| 18:09 | Create | Villager (Male) |
| 18:09 | Create | Villager (Male) |
| 18:13 | Build | Farm |
| 18:37 | Build | Mining Camp |
| 18:42 | Create | Villager (Male) |
| 18:43 | Create | Villager (Male) |
| 18:45 | Create | Rattan Archer |
| 18:46 | Create | Rattan Archer |
| 18:46 | Create | Rattan Archer |
| 18:46 | Create | Rattan Archer |
| 18:46 | Create | Rattan Archer |
| 18:52 | Create | Villager (Male) |
| 18:54 | Build | Farm |
| 19:13 | Build | Palisade Wall |
| 19:19 | Build | Palisade Wall |
| 19:25 | Build | Palisade Wall |
| 19:28 | Build | Palisade Wall |
| 19:30 | Build | Palisade Wall |
| 19:33 | Create | Villager (Male) |
| 19:33 | Create | Villager (Male) |
| 19:36 | Build | Farm |
| 19:45 | Create | Rattan Archer |
| 19:45 | Create | Rattan Archer |
| 19:49 | Build | Farm |
| 19:50 | Create | Villager (Male) |
| 19:51 | Create | Villager (Male) |
| 19:51 | Create | Villager (Male) |
| 20:02 | Research | Gold Mining |
| 20:09 | Build | Farm |
| 20:22 | Research | Fletching |
| 20:30 | Build | Farm |
| 20:32 | Build | Farm |
| 20:33 | Create | Villager (Male) |
| 20:33 | Create | Villager (Male) |
| 20:47 | Create | Petard |
| 20:47 | Create | Petard |
| 20:59 | Create | Villager (Male) |
| 20:59 | Create | Villager (Male) |
| 21:17 | Create | Petard |
| 21:20 | Create | Rattan Archer |
| 21:20 | Create | Rattan Archer |
| 21:20 | Create | Rattan Archer |
| 21:36 | Create | Villager (Male) |
| 21:36 | Create | Villager (Male) |
| 21:37 | Create | Villager (Male) |
| 21:37 | Create | Villager (Male) |
| 21:52 | Create | Rattan Archer |
| 21:52 | Create | Rattan Archer |
| 21:53 | Create | Rattan Archer |
| 22:09 | Build | Farm |
| 22:09 | Build | Farm |
| 22:10 | Build | Farm |
| 22:11 | Create | Villager (Male) |
| 22:11 | Create | Villager (Male) |
| 22:35 | Research | Bodkin Arrow |
| 22:48 | Research | Padded Archer Armor |
| 23:05 | Create | Villager (Male) |
Match timeline
| 3:36 | profdiniz · wall_segment Palisade Wall x14 |
| 4:04 | profdiniz · wall_segment Palisade Wall x1 |
| 4:06 | profdiniz · wall_segment Palisade Wall x1 |
| 4:06 | profdiniz · wall_segment Palisade Wall x1 |
| 5:06 | profdiniz · wall_segment Palisade Wall x1 |
| 5:07 | profdiniz · wall_segment Palisade Wall x1 |
| 5:19 | profdiniz · wall_segment Palisade Wall x1 |
| 7:28 | AM | Aparato de Golgi · first_building Barracks |
| 8:08 | AM | Aparato de Golgi · age_up feudal |
| 8:19 | Chichadios · first_building Barracks |
| 8:41 | AM | Aparato de Golgi · first_building Archery Range |
| 9:22 | AM | FAKE CHUCHIN · age_up feudal |
| 9:59 | djOwns · first_building Barracks |
| 10:11 | Chichadios · age_up feudal |
| 10:13 | Chichadios · first_building Stable |
| 10:15 | Chichadios · wall_segment Palisade Wall x1 |
| 10:16 | Chichadios · wall_segment Palisade Wall x1 |
| 10:18 | Chichadios · wall_segment Palisade Wall x1 |
| 10:56 | Vaurion · age_up feudal |
| 10:57 | Mastyjames · age_up feudal |
| 11:21 | Emu Warrior · age_up feudal |
| 11:22 | profdiniz · age_up feudal |
| 11:47 | djOwns · age_up feudal |
| 11:49 | djOwns · first_building Stable |
| 12:04 | Vaurion · first_market_sell 100 stone |
| 12:04 | Vaurion · first_market_buy 100 food |
| 12:05 | Chichadios · wall_segment Palisade Wall x1 |
| 12:06 | Chichadios · wall_segment Palisade Wall x1 |
| 12:07 | Chichadios · wall_segment Palisade Wall x1 |
| 12:40 | djOwns · first_market_buy 100 food |
| 13:21 | profdiniz · first_market_buy 100 food |
| 14:08 | AM | FAKE CHUCHIN · first_market_buy 500 food |
| 14:25 | Emu Warrior · first_market_buy 100 wood |
| 14:31 | Mastyjames · age_up castle |
| 14:46 | Mastyjames · first_market_buy 100 wood |
| 14:51 | Emu Warrior · age_up castle |
| 15:16 | Vaurion · age_up castle |
| 15:25 | djOwns · age_up castle |
| 15:40 | djOwns · first_building Monastery |
| 15:58 | AM | FAKE CHUCHIN · first_building Barracks |
| 16:09 | profdiniz · age_up castle |
| 16:19 | Vaurion · first_building Castle |
| 16:37 | profdiniz · first_building Castle |
| 17:00 | profdiniz · wall_segment Stone Wall x1 |
| 17:07 | profdiniz · wall_segment Stone Wall x1 |
| 17:34 | AM | FAKE CHUCHIN · first_building Stable |
| 17:51 | AM | Aparato de Golgi · wall_segment Stone Wall x1 |
| 17:56 | AM | FAKE CHUCHIN · age_up castle |
| 17:58 | AM | FAKE CHUCHIN · first_building Siege Workshop |
| 18:41 | djOwns · wall_segment Stone Wall x9 |
| 18:43 | djOwns · wall_segment Stone Wall x12 |
| 18:55 | Mastyjames · wall_segment Palisade Wall x1 |
| 18:56 | Mastyjames · wall_segment Palisade Wall x1 |
| 19:00 | Mastyjames · wall_segment Palisade Wall x1 |
| 19:13 | profdiniz · wall_segment Palisade Wall x1 |
| 19:14 | Vaurion · first_building Barracks |
| 19:15 | djOwns · wall_segment Stone Wall x3 |
| 19:19 | profdiniz · wall_segment Palisade Wall x1 |
| 19:25 | profdiniz · wall_segment Palisade Wall x1 |
| 19:28 | profdiniz · wall_segment Palisade Wall x1 |
| 19:30 | profdiniz · wall_segment Palisade Wall x2 |
| 19:42 | djOwns · first_building Siege Workshop |
| 20:08 | Emu Warrior · first_building Siege Workshop |
| 20:15 | Emu Warrior · wall_segment Stone Wall x4 |
| 20:19 | Emu Warrior · wall_segment Stone Wall x6 |
| 20:21 | Emu Warrior · wall_segment Stone Wall x1 |
| 20:23 | Emu Warrior · wall_segment Stone Wall x1 |
| 20:26 | Emu Warrior · wall_segment Stone Wall x3 |
| 20:35 | Emu Warrior · wall_segment Stone Wall x4 |
| 20:46 | profdiniz · first_market_sell 100 wood |
| 20:55 | Vaurion · first_building Archery Range |
| 21:06 | Emu Warrior · wall_segment Stone Wall x1 |
| 21:13 | AM | Aparato de Golgi · age_up castle |
| 21:14 | Emu Warrior · wall_segment Stone Wall x1 |
| 21:25 | djOwns · wall_segment Stone Wall x4 |
| 21:36 | Emu Warrior · wall_segment Stone Wall x1 |
| 22:10 | djOwns · wall_segment Stone Wall x1 |
| 22:28 | djOwns · first_building Castle |
| 22:35 | djOwns · first_market_sell 100 wood |
| 22:54 | Mastyjames · first_building Siege Workshop |
| 23:28 | djOwns · wall_segment Stone Wall x1 |
| 23:31 | Mastyjames · wall_segment Palisade Wall x1 |
| 23:49 | Mastyjames · first_market_sell 500 food |
| 23:59 | Mastyjames · first_building Castle |
| 25:17 | djOwns · wall_segment Stone Wall x11 |
| 25:37 | profdiniz · wall_segment Stone Wall x1 |
| 25:56 | djOwns · wall_segment Stone Wall x7 |
| 26:02 | djOwns · wall_segment Stone Wall x5 |
| 26:21 | djOwns · wall_segment Stone Wall x2 |
| 26:31 | Emu Warrior · wall_segment Stone Wall x1 |
| 26:32 | Emu Warrior · wall_segment Stone Wall x1 |
| 27:20 | Chichadios · first_market_sell 100 stone |
| 27:42 | Emu Warrior · wall_segment Stone Wall x1 |
| 27:49 | Emu Warrior · wall_segment Stone Wall x1 |
| 28:05 | Mastyjames · wall_segment Stone Wall x1 |
| 28:18 | Mastyjames · wall_segment Stone Wall x1 |
| 28:50 | Emu Warrior · first_market_sell 100 stone |
| 29:06 | Vaurion · first_building Monastery |
| 29:10 | Mastyjames · first_building Barracks |
| 29:11 | djOwns · wall_segment Stone Wall x1 |
| 29:11 | djOwns · wall_segment Stone Wall x1 |
| 30:20 | Mastyjames · first_building Stable |
| 30:40 | profdiniz · age_up imperial |
| 30:41 | Emu Warrior · tribute_sent a jugador 2 |
| 30:41 | Emu Warrior · tribute_sent a jugador 3 |
| 30:41 | Emu Warrior · tribute_sent a jugador 4 |
| 30:41 | Emu Warrior · tribute_sent a jugador 5 |
| 30:41 | Emu Warrior · tribute_sent a jugador 6 |
| 30:41 | Emu Warrior · tribute_sent a jugador 7 |
| 30:41 | Emu Warrior · tribute_sent a jugador 8 |
| 31:40 | Emu Warrior · tribute_sent a jugador 2 |
| 31:40 | Emu Warrior · tribute_sent a jugador 3 |
| 31:40 | Emu Warrior · tribute_sent a jugador 4 |
| 31:40 | Emu Warrior · tribute_sent a jugador 5 |
| 31:40 | Emu Warrior · tribute_sent a jugador 6 |
| 31:40 | Emu Warrior · tribute_sent a jugador 7 |
| 31:40 | Emu Warrior · tribute_sent a jugador 8 |
| 31:45 | Chichadios · age_up castle |
| 31:56 | Mastyjames · age_up imperial |
| 31:57 | Vaurion · first_building Stable |
| 32:06 | AM | Aparato de Golgi · first_building Monastery |
| 32:30 | Emu Warrior · tribute_sent a jugador 2 |
| 32:30 | Emu Warrior · tribute_sent a jugador 3 |
| 32:30 | Emu Warrior · tribute_sent a jugador 4 |
| 32:30 | Emu Warrior · tribute_sent a jugador 5 |
| 32:30 | Emu Warrior · tribute_sent a jugador 6 |
| 32:30 | Emu Warrior · tribute_sent a jugador 7 |
| 32:30 | Emu Warrior · tribute_sent a jugador 8 |
| 33:00 | Vaurion · wall_segment Stone Wall x1 |
| 33:16 | profdiniz · first_building Barracks |
| 33:54 | Emu Warrior · resign |
[ AI ANALYSIS · 1 CREDIT ]
What really happened in this match?
Wolo.gg analyzes every decision: build order, eco, micro, common mistakes by bracket. Personalized analysis on WhatsApp or Discord in 30 seconds.
Civ guide
Italians
Perfil
Jugador #23922700